 Dungeon Crawl Stone Soup version 0.29.1-12-g30fa7ad0bf (webtiles) character file.

Game seed: 13211269533490187844

5853 stormannn the Spear-Bearer (level 10, -9/82 HPs)
             Began as a Gnoll Cinder Acolyte on Dec 31, 2022.
             Was a Priest of Ignis.
             Mangled by a centaur
             ... wielding the +7 trident "Metye" {spect, rN++ Will- Str+4 Int+2}
              (17 damage)
             ... on level 10 of the Dungeon.
             The game lasted 00:36:50 (11004 turns).

stormannn the Spear-Bearer (Gnoll Cinder Acolyte)  Turns: 11004, Time: 00:36:51

Health: -9/82      AC:  8    Str: 14    XL:     10   Next: 81%
Magic:  19/19      EV: 12    Int: 18    God:    Ignis [***...]
Gold:   599        SH:  0    Dex:  7    Spells: 13/22 levels left

rFire   + + +      SeeInvis +   s - +3 quarterstaff (venom)
rCold   . . .      Faith    +   (shield currently unavailable)
rNeg    + . .      Spirit   .   G - +0 leather armour {rC+}
rPois   +          Reflect  .   K - +0 helmet
rElec   .          Harm     .   J - +1 cloak {rPois}
rCorr   .          Rampage  .   A - +0 pair of gloves
Will    .....                   (no boots)
Stlth   ++........              L - amulet of the Keeping Gods {Faith Contam rF+ rN+}
HPRegen 0.23/turn               t - ring of fire
MPRegen 0.16/turn               v - ring of see invisible

@: no status effects
A: fangs 1, strong nose, distributed training
a: Renounce Religion, Fiery Armour, Foxfire Swarm, Rising Flame


You were on level 10 of the Dungeon.
You worshipped Ignis.
Ignis was most pleased with you.
You visited 1 branch of the dungeon, and saw 10 of its levels.

You collected 599 gold pieces.

Inventory:

Hand Weapons
 a - a +1 spear of flaming
 s - a +3 quarterstaff of venom (weapon)
 z - a +2 scythe of venom
Missiles
 h - 9 poisoned darts (quivered)
 i - 59 stones
 p - 2 throwing nets
Armour
 x - an orb of guile
 A - a +0 pair of gloves (worn)
 G - a +0 leather armour of cold resistance (worn)
 J - a +1 cloak of poison resistance (worn)
 K - a +0 helmet (worn)
Jewellery
 j - a ring of flight
 l - a +6 ring of dexterity
 t - a ring of fire (left hand)
 v - a ring of see invisible (right hand)
 w - an amulet of reflection
 L - the amulet of the Keeping Gods (around neck) {Faith Contam rF+ rN+}
   (You found it on level 9 of the Dungeon)

   [amulet of faith]

   It allows you to gain divine favour quickly.
   rF:        It protects you from fire.
   rN:        It protects you from negative energy.
   Contam:    It causes magical contamination when unequipped.
Wands
 g - a wand of roots (9)
 m - a wand of polymorph (6)
 y - a wand of flame (25)
 B - a wand of acid (10)
Scrolls
 b - a scroll of summoning
 d - 3 scrolls of poison
 k - 6 scrolls of teleportation
 u - 2 scrolls of butterflies
 E - 2 scrolls of magic mapping
 F - a scroll of vulnerability
 I - a scroll of identify
 M - a scroll of blinking
Potions
 c - 4 potions of mutation
 e - 2 potions of berserk rage
 f - 2 potions of ambrosia {unknown}
 n - 2 potions of resistance
 o - 2 potions of flight {unknown}
 r - 2 potions of brilliance {unknown}
 C - 2 potions of cancellation {unknown}
 D - a potion of attraction {unknown}
 H - a potion of lignification {unknown}


   Skills:
 + Level 8.9 Fighting
 + Level 5.8 Short Blades
 + Level 5.8 Long Blades
 + Level 5.8 Axes
 + Level 5.8 Maces & Flails
 + Level 8.9 Polearms
 + Level 5.8 Staves
 + Level 5.8 Ranged Weapons
 + Level 5.8 Throwing
 + Level 5.8 Armour
 + Level 5.8 Dodging
 + Level 5.8 Stealth
 + Level 5.8 Shields
 + Level 5.8 Unarmed Combat
 + Level 6.5 Spellcasting
 + Level 4.8 Conjurations
 + Level 4.8 Hexes
 + Level 4.8 Summonings
 + Level 4.8 Necromancy
 + Level 4.8 Translocations
 + Level 4.8 Transmutations
 + Level 7.4 Fire Magic
 + Level 4.8 Ice Magic
 + Level 4.8 Air Magic
 + Level 4.8 Earth Magic
 + Level 4.8 Poison Magic
 + Level 6.4 Invocations
 + Level 5.8 Evocations


You had 13 spell levels left.
You knew the following spells:

 Your Spells              Type           Power      Damage    Failure   Level
a - Scorch                Fire           96%        2d9       1%          2
b - Storm Form            Tmut/Air       11%        N/A       100%        7

Your spell library contained the following spells:

 Spells                   Type           Power      Damage    Failure   Level
 Blink                    Tloc           46%        N/A       3%          2
 Lesser Beckoning         Tloc           23%        N/A       6%          3
 Airstrike                Air            11%        2d(2-18)  19%         4
 Corpse Rot               Necr/Pois/Air  23%        N/A       19%         4
 Dispel Undead            Necr           23%        3d12      19%         4
 Summon Lightning Spire   Summ/Air       23%        N/A       19%         4
 Lightning Bolt           Conj/Air       11%        1d24      47%         5
 Manifold Assault         Tloc           23%        N/A       47%         5
 Death Channel            Necr           11%        N/A       96%         6
 Maxwell's Capacitive Co  Air            11%        ∞         100%        8


Dungeon Overview and Level Annotations

Branches:
Dungeon (10/15)            Temple (0/1) D:6            Lair (0/5) D:9
    Orc: D:9-12

Altars:
Dithmenos
Gozag
Nemelex Xobeh
Uskayaw
Wu Jian
Yredelemnul


Innate Abilities, Weirdness & Mutations

You have very sharp teeth.
Your uncanny sense of smell can sniff out nearby items.
Your experience applies equally to all skills.


Message History

Found an escape hatch in the ceiling.
The centaur shouts!
You hear a shout!
The centaur unwields the +7 trident "Metye" {spect, rN++ Will- Str+4 Int+2}.
The centaur wields a +0 shortbow.
The centaur shoots an arrow.
The arrow hits you!
The centaur shoots an arrow.
The arrow barely misses you.
The centaur shoots an arrow.
The arrow hits you.
The centaur drinks a potion.
The centaur seems to grow stronger.
You sock the centaur!
The centaur is moderately wounded.
The centaur unwields a +0 shortbow.
The centaur wields the +7 trident "Metye" {spect, rN++ Will- Str+4 Int+2}.
The centaur hits you with the +7 trident "Metye" {spect, rN++ Will- Str+4 Int+2}!!
The centaur kicks you but does no damage.
You thump the centaur!
The centaur is severely wounded.
The centaur hits you with the +7 trident "Metye" {spect, rN++ Will- Str+4 Int+2}!
The centaur kicks you.
You are too injured to fight recklessly!
You are too injured to fight recklessly!
You are too injured to fight recklessly!
You barely miss the centaur.
The centaur is severely wounded.
The centaur hits you with the +7 trident "Metye" {spect, rN++ Will- Str+4 Int+2}!
* * * LOW HITPOINT WARNING * * *
The centaur kicks you but does no damage.
The centaur barely misses you. x2
Okay, then.
Press: ? - help, v - describe, . - travel
Here: a centaur, wielding the +7 trident "Metye" {spect, rN++ Will- Str+4 Int+2} (severely wounded, strong)
The floor, spattered with blood.
You feel better.
The centaur hits you with the +7 trident "Metye" {spect, rN++ Will- Str+4 Int+2}!
* * * LOW HITPOINT WARNING * * *
The centaur barely misses you.
You feel better.
The centaur hits you with the +7 trident "Metye" {spect, rN++ Will- Str+4 Int+2}!
* * * LOW HITPOINT WARNING * * *
The centaur kicks you but does no damage.
The centaur hits you with the +7 trident "Metye" {spect, rN++ Will- Str+4 Int+2}!
You die...

#..#####..........
######..#####..........
.......................
................>.<....
##.....................
#...##### #...#
#).)########...#
##..)..........c#########
................@........
...............##########
......#######..# ......#
#..#
......#######..############
...........................
########...........########
# #.########..# #
#.########..#


You could see a centaur (strong).

Vanquished Creatures
  A troll (D:10)
  2 hornets (D:8)
  Sigmund (D:5)
  A vampire (D:10)
  A wyvern (D:9)
  2 wraiths
  5 yaks
  Eustachio (D:6)
  An acid dragon (D:7)
  A water moccasin (D:6)
  A sky beast (D:6)
  An orc warrior (D:8)
  5 black bears
  3 ogres
  A phantom (D:5)
  6 bullfrogs
  5 necrophages
  A gnoll sergeant (D:8)
  4 scorpions
  9 wights (D:7)
  A howler monkey (D:7)
  4 hounds
  A gnoll bouda (D:6)
  3 orc priests
  Crazy Yiuf (D:2)
  2 jellies
  Jessica (D:3)
  3 iguanas
  12 orc wizards
  7 adders
  10 gnolls
  A white imp (D:6)
  2 ufetubi (D:4)
  3 dart slugs
  36 orcs
  5 bats
  An endoplasm (D:1)
  4 giant cockroaches
  7 goblins
  9 hobgoblins
  2 jackals (D:5)
  7 kobolds
  A quokka (D:1)
  5 ball pythons
  2 frilled lizards
  7 rats
189 creatures vanquished.

Vanquished Creatures (others)
  11 foxfires (D:7)
11 creatures vanquished.

Grand Total: 200 creatures vanquished

Notes
Turn   | Place    | Note
-------+----------+-------------------------------------------
     0 | D:1      | stormannn the Gnoll Cinder Acolyte began the quest for the
                  | Orb.
     0 | D:1      | Reached XP level 1. HP: 23/23 MP: 4/4
    61 | D:1      | Found a faded altar of an unknown god.
    76 | D:1      | Reached XP level 2. HP: 29/29 MP: 5/5
    82 | D:1      | Learned a level 2 spell: Scorch
   366 | D:1      | Reached XP level 3. HP: 35/35 MP: 1/7
  1006 | D:2      | Reached skill level 1 in Invocations
  1087 | D:2      | Reached skill level 1 in Short Blades
  1087 | D:2      | Reached skill level 1 in Long Blades
  1087 | D:2      | Reached skill level 1 in Axes
  1087 | D:2      | Reached skill level 1 in Maces & Flails
  1087 | D:2      | Reached skill level 1 in Staves
  1087 | D:2      | Reached skill level 1 in Ranged Weapons
  1087 | D:2      | Reached skill level 1 in Throwing
  1087 | D:2      | Reached skill level 1 in Armour
  1087 | D:2      | Reached skill level 1 in Dodging
  1087 | D:2      | Reached skill level 1 in Stealth
  1087 | D:2      | Reached skill level 1 in Shields
  1087 | D:2      | Reached skill level 1 in Unarmed Combat
  1087 | D:2      | Reached skill level 1 in Evocations
  1171 | D:2      | You fall into a shaft and drop 1 floor!
  1740 | D:2      | Reached XP level 4. HP: 39/41 MP: 3/8
  1865 | D:2      | Found a runed translucent door.
  1866 | D:2      | Noticed Crazy Yiuf
  2006 | D:2      | Killed Crazy Yiuf
  2007 | D:2      | Reached skill level 1 in Conjurations
  2007 | D:2      | Reached skill level 1 in Hexes
  2007 | D:2      | Reached skill level 1 in Summonings
  2007 | D:2      | Reached skill level 1 in Necromancy
  2007 | D:2      | Reached skill level 1 in Translocations
  2007 | D:2      | Reached skill level 1 in Transmutations
  2007 | D:2      | Reached skill level 1 in Ice Magic
  2007 | D:2      | Reached skill level 1 in Air Magic
  2007 | D:2      | Reached skill level 1 in Earth Magic
  2007 | D:2      | Reached skill level 1 in Poison Magic
  2203 | D:3      | Noticed Jessica
  2206 | D:3      | Killed Jessica
  2207 | D:3      | Reached XP level 5. HP: 43/47 MP: 6/9
  2999 | D:4      | Noticed an ogre
  3007 | D:4      | Killed an ogre
  3008 | D:4      | Reached XP level 6. HP: 39/53 MP: 8/11
  3376 | D:4      | Reached XP level 7. HP: 52/60 MP: 4/12
  3759 | D:5      | Entered Level 5 of the Dungeon
  4162 | D:5      | Reached XP level 8. HP: 58/67 MP: 6/14
  4734 | D:5      | Noticed Sigmund
  4750 | D:5      | Killed Sigmund
  5166 | D:5      | Learned a level 7 spell: Storm Form
  5391 | D:6      | Found a shadowy altar of Dithmenos.
  5426 | D:6      | Reached XP level 9. HP: 65/73 MP: 11/16
  5485 | D:6      | Noticed Eustachio
  5510 | D:6      | Killed Eustachio
  5511 | D:6      | Reached skill level 5 in Spellcasting
  6138 | D:6      | Found a staircase to the Ecumenical Temple.
  6735 | D:7      | Reached skill level 5 in Invocations
  7819 | D:8      | Noticed a hornet
  7825 | D:8      | Killed a hornet
  7826 | D:8      | Reached skill level 5 in Short Blades
  7826 | D:8      | Reached skill level 5 in Long Blades
  7826 | D:8      | Reached skill level 5 in Axes
  7826 | D:8      | Reached skill level 5 in Maces & Flails
  7826 | D:8      | Reached skill level 5 in Staves
  7826 | D:8      | Reached skill level 5 in Ranged Weapons
  7826 | D:8      | Reached skill level 5 in Throwing
  7826 | D:8      | Reached skill level 5 in Armour
  7826 | D:8      | Reached skill level 5 in Dodging
  7826 | D:8      | Reached skill level 5 in Stealth
  7826 | D:8      | Reached skill level 5 in Shields
  7826 | D:8      | Reached skill level 5 in Unarmed Combat
  7826 | D:8      | Reached skill level 5 in Evocations
  7826 | D:8      | Reached XP level 10. HP: 44/81 MP: 10/18
  8507 | D:8      | Found a hide-covered altar of Uskayaw.
  8536 | D:8      | Found a basalt altar of Yredelemnul.
  8539 | D:8      | Found a sparkling altar of Nemelex Xobeh.
  8542 | D:8      | Found an opulent altar of Gozag.
  8981 | D:9      | Identified the amulet of the Keeping Gods {Faith Contam rF+
                  | rN+}
 10046 | D:9      | Found a staircase to the Lair.
 10485 | D:10     | Entered Level 10 of the Dungeon
 10540 | D:10     | Found an ornate altar of the Wu Jian Council.
 10991 | D:10     | Identified the +7 trident "Metye" {spect, rN++ Will- Str+4
                  | Int+2}
 11004 | D:10     | Mangled by a centaur

Illustrated notes

Levels and vault maps discovered:
D:1:      dpeg_arrival_prison, layout_rooms, dreamdust_ecumenical_altar_statues,
          roderic_roman_lattice, ebering_dispersal_statue_hall,
          minmay_misc_feat_plants
D:2:      layout_loops_corners, minmay_surrounded, uniq_crazy_yiuf_cottage
D:3:      minmay_roachtagon, layout_basic, lemuel_round_altar,
          grunt_ministairs_12, uniq_jessica
D:4:      layout_cave_pods, minmay_misc_feat_diagonals
D:5:      layout_basic, uniq_sigmund
D:6:      layout_basic, nicolae_dithmenos_the_darkroom,
          minmay_temple_entry_fiery, uniq_eustachio
D:7:      layout_basic
D:8:      layout_loops_ring, grunt_temple_overflow_cloverleaf
D:9:      layout_rooms, lair_entry_dummy
D:10:     layout_long_grid, mainiacjoe_overflow_alcove_2, serial_shops,
          nicolae_diamond_shop, nicolae_fountain_basement, uniq_psyche,
          uniq_snorg

Skill      XL: |  1  2  3  4  5  6  7  8  9 10 |
---------------+-------------------------------+-----
Invocations    | 1 2 3 4 5 6 |  6.4
Short Blades   | 1 2 3 5 |  5.8
Long Blades    | 1 2 3 5 |  5.8
Axes           | 1 2 3 5 |  5.8
Maces & Flails | 1 2 3 5 |  5.8
Staves         | 1 2 3 5 |  5.8
Ranged Weapons | 1 2 3 5 |  5.8
Throwing       | 1 2 3 5 |  5.8
Armour         | 1 2 3 5 |  5.8
Dodging        | 1 2 3 5 |  5.8
Stealth        | 1 2 3 5 |  5.8
Shields        | 1 2 3 5 |  5.8
Unarmed Combat | 1 2 3 5 |  5.8
Evocations     | 1 2 3 5 |  5.8
Spellcasting   | 3 4 5 6 |  6.5
Conjurations   | 1 2 3 4 |  4.8
Hexes          | 1 2 3 4 |  4.8
Summonings     | 1 2 3 4 |  4.8
Necromancy     | 1 2 3 4 |  4.8
Translocations | 1 2 3 4 |  4.8
Transmutations | 1 2 3 4 |  4.8
Ice Magic      | 1 2 3 4 |  4.8
Air Magic      | 1 2 3 4 |  4.8
Earth Magic    | 1 2 3 4 |  4.8
Poison Magic   | 1 2 3 4 |  4.8
Fighting       | 7 8 |  8.9
Polearms       | 7 8 |  8.9
Fire Magic     | 6 7 |  7.4

Action                   |  1- 3 |  4- 6 |  7- 9 | 10-12 || total
-------------------------+-------+-------+-------+-------++-------
Melee: Spear             |   111 |    70 |   266 |    13 ||   460
       Punch             |     1 |       |    12 |       ||    13
       Bite              |     3 |     3 |    27 |    12 ||    45
       Quarterstaff      |       |       |     2 |   103 ||   105
Throw: Dart              |     1 |       |       |     6 ||     7
 Cast: Scorch            |    14 |    21 |    94 |    26 ||   155
Invok: Fiery Armour      |       |       |     4 |       ||     4
       Foxfire Swarm     |       |       |     1 |       ||     1
Evoke: Wand              |       |     2 |     6 |     3 ||    11
  Use: Scroll            |       |    10 |     4 |     3 ||    17
       Potion            |       |     2 |     1 |     4 ||     7
 Stab: Sleeping          |     2 |       |     3 |     2 ||     7
       Distracted        |       |     1 |       |       ||     1
Armor: Robe              |    18 |    10 |    56 |       ||    84
       Leather armour    |       |       |     3 |    37 ||    40
Dodge: Dodged            |    40 |    38 |   124 |    69 ||   271
Block: Other             |       |       |    33 |    10 ||    43
       Reflection        |       |       |       |     2 ||     2
